 Dungeon Crawl Stone Soup version 0.20-a0-647-gf178af5 (console) character file.

8331 nht the Cleaver (level 11, -9/75 HPs)
             Began as a Formicid Fighter on Feb 15, 2017.
             Was a High Priest of Okawaru.
             Killed by divine providence
             ... invoked by an orc priest
              (10 damage)
             ... on level 1 of the Orcish Mines.
             The game lasted 00:18:37 (7765 turns).

nht the Cleaver (Formicid Fighter)                  Turns: 7765, Time: 00:18:38

Health: -9/75      AC: 11    Str: 23    XL:     11   Next: 53%
Magic:  15/15      EV: 10    Int:  9    God:    Okawaru [*****.]
Gold:   654        SH: 11    Dex: 12    Spells: 10/10 levels left

rFire    + . .     SeeInvis +   r - +1 battleaxe (flame)
rCold    + . .     Gourm    .   t - +3 ring mail
rNeg     . . .     Faith    .   c - +0 shield
rPois    +         Spirit   .   (helmet unavailable)
rElec    .         Reflect  .   A - +2 cloak
rCorr    .         Harm     .   (no gloves)
MR       +....                  (no boots)
Stlth    +.........             (no amulet)
Regen    0.3/turn               h - ring "Iclia" {rPois rC+}
MPRegen  0.2/turn               (no ring)

@: no status effects
A: permanent stasis, dig shafts and tunnels, four strong arms, antennae 3, agile
1, fire resistance 1
a: Dig, Shaft Self, Heroism, Finesse, Renounce Religion


You were on level 1 of the Orcish Mines.
You worshipped Okawaru.
Okawaru was extremely pleased with you.
You were hungry.

You visited 2 branches of the dungeon, and saw 11 of its levels.

You collected 670 gold pieces.
You donated 16 gold pieces to Zin.

Inventory:

Hand Weapons
 a - a +1 war axe
 r - a +1 battleaxe of flaming (weapon)
 z - the +9 mace of Trog's Favour {speed, Int+7, unknown}
   (You found it on level 5 of the Dungeon)

   Attacks with this weapon are significantly faster.
   It affects your intelligence (+7).
Missiles
 e - 7 tomahawks of returning
 k - 5 javelins of returning (quivered)
Armour
 c - a +0 shield (worn)
 g - a +1 leather armour of poison resistance
 t - a +3 ring mail (worn)
 A - a +2 cloak (worn)
Jewellery
 h - the ring "Iclia" (right hand) {rPois rC+}
   (You acquired it on level 8 of the Dungeon)

   [ring of poison resistance]

   It protects you from cold.
   It protects you from poison.
Wands
 j - a wand of lightning (10/15)
 n - a wand of iceblast (8/15)
 u - a wand of digging (12/24)
 v - a wand of digging (12/24)
 C - a wand of flame (4/48)
 K - a wand of flame (22/48)
Scrolls
 y - a scroll of remove curse
 B - 2 scrolls of enchant weapon
 F - a scroll of fear
 G - 3 scrolls of enchant armour {unknown}
 J - a scroll of holy word {unknown}
Potions
 b - a potion of invisibility
 d - 2 potions of might
 i - a potion of agility
 l - a potion of resistance
 o - 2 potions of flight
 p - 7 potions of curing
 L - a potion of ambrosia
Comestibles
 f - 6 bread rations
 m - 3 royal jellies
 q - 5 meat rations
 s - 31 fruits
 w - 12 chunks of flesh


   Skills:
 + Level 3.2 Fighting
 * Level 14.4 Axes
 + Level 3.2 Armour
 + Level 8.8 Shields
 + Level 6.0 Invocations


You had 10 spell levels left.
You didn't know any spells.

Dungeon Overview and Level Annotations

Branches:
Dungeon (9/15)             Temple (0/1) D:7            Lair (0/6) D:9
    Orc (2/2) D:9             Elf (0/3) Orc:2

Altars:
Cheibriados
Dithmenos
Fedhas
Hepliaklqana
Kikubaaqudgha
Makhleb
Okawaru
Qazlal
Ru
Trog
Vehumet
Xom
Zin
The Shining One


Innate Abilities, Weirdness & Mutations

You cannot be hasted, slowed, berserked, paralysed or teleported.
You can dig through walls and to a lower floor.
Your four strong arms can wield two-handed weapons with a shield.
You have a pair of large antennae on your head. (SInv)
You are agile. (Dex +2)
Your flesh is heat resistant. (rF+)


Message History

You're too confused to move!
You feel less invigorated.
You feel less confused. You block the orc wizard's attack.
You block the warg's attack.
The orc warrior hits you but does no damage.
You hit the orc warrior but do no damage.
The orc warrior is severely wounded.
You barely miss the warg. You barely miss the orc wizard.
The warg closely misses you. You block the orc wizard's attack.
The orc warrior hits you with a short sword!
* * * LOW HITPOINT WARNING * * *
Okay, then.
Evoke which item? (* to show all) (? for menu, Esc to quit)
Okay, then.
Are you sure you want to shaft yourself?
You are feeling hungry.
You block the warg's attack. The orc wizard closely misses you.
You block the orc warrior's attack.
The orc priest calls down the wrath of Beogh upon you.
Beogh smites you!
You die...

█ ██ ██ ██
█.█.██.███.███ .
........█....█..
.......o.█......
.......o@.......
......)oho...█..
........>.......
................
................
................
.█....$.........
..█.............
. █.........██..


You could see a warg, an orc warrior, an orc priest, an orc wizard and an orc.

Vanquished Creatures
  The ghost of Laphicet the Protected, a journeyman BaFi of Cheibriados (D:9)
  Erica (D:8)
  2 two-headed ogres
  Joseph (D:8)
  Grinder (D:4)
  Sigmund (D:5)
  A wyvern (D:8)
  A vampire (D:9)
  2 vampire mosquitoes (D:9)
  A hungry ghost (D:9)
  Menkaure (D:5)
  A water moccasin (D:6)
  A warg (Orc:2)
  4 ice beasts
  2 sky beasts
  2 phantoms
  An eye of draining (D:8)
  5 orc warriors
  4 ogres
  3 centaurs
  A big kobold (D:8)
  3 bullfrogs
  4 wights (D:9)
  2 howler monkeys
  4 crimson imps
  A bullfrog zombie (D:6)
  A quasit (D:9)
  A gnoll shaman (D:7)
  10 orc priests
  2 hounds
  Crazy Yiuf (D:5)
  A centaur skeleton (D:8)
  3 bullfrog skeletons
  An iguana (D:5)
  Natasha (twice) (D:2)
  17 orc wizards
  8 worker ants
  A hound skeleton (D:6)
  9 gnolls
  5 adders
  An ooze (D:5)
  3 adder skeletons
  2 worms
  3 dart slugs
  5 leopard geckos
  39 orcs
  6 giant cockroaches
  10 hobgoblins
  9 jackals
  2 quokkas
  A ball python (D:2)
  8 bats
  7 frilled lizards
  7 goblins
  A jackal skeleton (D:8)
  4 kobolds
  A leopard gecko skeleton (D:5)
  2 quokka zombies (D:6)
  9 rats
233 creatures vanquished.

Notes
Turn   | Place    | Note
-------+----------+-------------------------------------------
     0 | D:1      | nht the Formicid Fighter began the quest for the Orb.
     0 | D:1      | Reached XP level 1. HP: 18/18 MP: 1/1
   214 | D:1      | Reached XP level 2. HP: 20/24 MP: 2/2
   298 | D:1      | Reached skill level 3 in Axes
   383 | D:1      | Reached XP level 3. HP: 22/29 MP: 3/3
   945 | D:2      | Reached skill level 4 in Axes
   945 | D:2      | Reached XP level 4. HP: 31/35 MP: 4/4
  1134 | D:2      | Noticed Natasha
  1141 | D:2      | Killed Natasha
  1205 | D:2      | Reached XP level 5. HP: 41/41 MP: 5/5
  1324 | D:2      | Noticed Natasha
  1328 | D:2      | Killed Natasha
  1328 | D:2      | Reached skill level 5 in Axes
  1859 | D:3      | Found a glowing silver altar of Zin.
  1873 | D:3      | Became a worshipper of Zin the Law-Giver
  1873 | D:3      | Reached * piety under Zin
  1964 | D:3      | Reached XP level 6. HP: 26/47 MP: 6/6
  1982 | D:3      | Reached skill level 6 in Axes
  2338 | D:4      | Found an iron altar of Okawaru.
  2372 | D:4      | Fell from the grace of Zin
  2372 | D:4      | Became a worshipper of Warmaster Okawaru
  2482 | D:4      | Noticed an ogre
  2484 | D:4      | Noticed Grinder
  2485 | D:4      | Killed an ogre
  2488 | D:4      | Noticed an ogre
  2510 | D:4      | Reached XP level 7. HP: 52/52 MP: 7/7
  2516 | D:4      | Reached skill level 7 in Axes
  2534 | D:4      | Killed Grinder
  2534 | D:4      | Reached skill level 8 in Axes
  2679 | D:4      | Reached * piety under Okawaru
  2679 | D:4      | Reached XP level 8. HP: 48/58 MP: 8/8
  2716 | D:4      | Reached skill level 9 in Axes
  2891 | D:4      | Found a sacrificial altar of Ru.
  2930 | D:5      | Entered Level 5 of the Dungeon
  2960 | D:5      | Reached skill level 1 in Invocations
  3066 | D:5      | Found a bloodstained altar of Trog.
  3361 | D:5      | Noticed Sigmund
  3363 | D:5      | Killed Sigmund
  3363 | D:5      | Reached ** piety under Okawaru
  3378 | D:5      | Reached skill level 10 in Axes
  3397 | D:5      | Noticed Menkaure
  3404 | D:5      | Killed Menkaure
  3404 | D:5      | Reached XP level 9. HP: 59/64 MP: 11/11
  3554 | D:5      | Found a bloodstained altar of Trog.
  3868 | D:5      | Found a runed door.
  3872 | D:5      | Noticed Crazy Yiuf
  3874 | D:5      | Killed Crazy Yiuf
  3877 | D:5      | Got a faintly glowing mace
  4319 | D:6      | Found a shimmering altar of Xom.
  4324 | D:6      | Found a burning altar of Makhleb.
  4324 | D:6      | Found a snail-covered altar of Cheibriados.
  4326 | D:6      | Found a burning altar of Makhleb.
  4326 | D:6      | Found a shadowy altar of Dithmenos.
  4326 | D:6      | Found a hazy altar of Hepliaklqana.
  4420 | D:6      | Reached skill level 11 in Axes
  4495 | D:6      | Reached skill level 5 in Invocations
  4561 | D:6      | Found an ancient bone altar of Kikubaaqudgha.
  4561 | D:6      | Found a stormy altar of Qazlal.
  4625 | D:6      | Found a radiant altar of Vehumet.
  4993 | D:7      | Found a staircase to the Ecumenical Temple.
  5192 | D:7      | Reached *** piety under Okawaru
  5411 | D:8      | Reached XP level 10. HP: 59/70 MP: 14/14
  5495 | D:8      | Noticed a two-headed ogre
  5510 | D:8      | Reached skill level 12 in Axes
  5515 | D:8      | Killed a two-headed ogre
  5515 | D:8      | Reached skill level 5 in Shields
  5603 | D:8      | Noticed Joseph
  5606 | D:8      | Identified a scroll of acquirement
  5607 | D:8      | Got a bound jade ring
  5623 | D:8      | Killed Joseph
  5623 | D:8      | Reached **** piety under Okawaru
  5696 | D:8      | Noticed Erica
  5722 | D:8      | Killed Erica
  5722 | D:8      | Reached skill level 13 in Axes
  5953 | D:8      | Found a blossoming altar of Fedhas.
  5978 | D:8      | Identified the ring "Iclia" {rPois rC+} (You acquired it on level 8 of the Dungeon)
  6131 | D:8      | Found a glowing golden altar of the Shining One.
  6131 | D:8      | Found a snail-covered altar of Cheibriados.
  6193 | D:9      | Gained mutation: Your flesh is heat resistant. (rF+) [potion of mutation]
  6193 | D:9      | Gained mutation: You are agile. (Dex +2) [potion of mutation]
  6286 | D:9      | Noticed Laphicet's ghost (journeyman BaFi)
  6316 | D:9      | Killed Laphicet's ghost
  6316 | D:9      | Reached XP level 11. HP: 24/75 MP: 15/15
  6321 | D:9      | Found a staircase to the Orcish Mines.
  6369 | D:9      | Noticed a two-headed ogre
  6685 | D:9      | Noticed a two-headed ogre
  6692 | D:9      | Killed a two-headed ogre
  6735 | D:9      | Reached ***** piety under Okawaru
  6760 | D:9      | Found a staircase to the Lair.
  6786 | D:9      | Reached skill level 14 in Axes
  7215 | D:9      | Received a gift from Okawaru
  7341 | Orc:1    | Entered Level 1 of the Orcish Mines
  7464 | Orc:2    | Entered Level 2 of the Orcish Mines
  7464 | Orc:2    | Found a staircase to the Elven Halls.
  7764 | Orc:1    | HP: 1/75 [orc warrior/short sword (12)]
  7765 | Orc:1    | Killed from afar by an orc priest

Vault maps used:
D:1:      dpeg_arrival_castle
D:2:      item_on_display_a, uniq_natasha
D:3:      lemuel_doored_altar
D:4:      nicolae_ru_path_of_blood, lemuel_round_altar, first_bread,
          minmay_misc_feat_tiny, minmay_misc_feat_five, uniq_grinder
D:5:      lemuel_round_altar, bloody_trog, uniq_crazy_yiuf_cottage,
          uniq_menkaure, uniq_sigmund
D:6:      minmay_klotski, gammafunk_temple_overflow_elements,
          vehumet_altar_wand_db, doesnt_xom_only_xom
D:7:      minmay_temple_entry_grid
D:8:      amethyst_overflow_temple_binary, nicolae_overflow_crystal_walls,
          blue_anna_alchemist, st_stairs_6, uniq_joseph, uniq_erica
D:9:      lair_entry_dummy, orc_0_dummy
Orc:2:    st_orc_open, basic_altar, uniq_josephine

Skill      XL: |  1  2  3  4  5  6  7  8  9 10 11 |
---------------+----------------------------------+-----
Axes           | 3 4 5 6 8 10 11 13 14 | 14.4
Invocations    | 3 6 |  6.0
Shields        | 4 7 8 |  8.8
Fighting       | |  3.2
Armour         | |  3.2

Action                   |  1- 3 |  4- 6 |  7- 9 | 10-12 || total
-------------------------+-------+-------+-------+-------++-------
Melee: War axe           |    80 |   135 |   366 |   210 ||   791
       Hand axe          |       |    18 |       |       ||    18
       Battleaxe         |       |       |       |    64 ||    64
Invok: Recite            |       |     1 |       |       ||     1
       Heroism           |       |       |     1 |     6 ||     7
 Abil: Dig               |       |     1 |       |       ||     1
       Shaft Self        |       |       |       |     1 ||     1
Evoke: Wand              |       |     3 |     2 |    13 ||    18
  Use: Scroll            |       |    11 |     5 |     9 ||    25
       Potion            |       |     1 |     3 |     7 ||    11
  Eat: Chunk             |       |     5 |    10 |     7 ||    22
       Fruit             |       |       |       |     2 ||     2
Armor: Scale mail        |    44 |    55 |       |       ||    99
       Skin              |       |     9 |    11 |       ||    20
       Ring mail         |       |     5 |    99 |    62 ||   166
Dodge: Dodged            |    23 |    42 |    89 |    89 ||   243
Block: Shield            |    57 |    73 |   118 |   104 ||   352
